 Dungeon Crawl Stone Soup version 0.32-a0-172-gc5dd13f2a7 (webtiles) character file.

Game seed: 8487413942212602142

21127 SmokeWeed the Blocker (level 12, -33/98 HPs)
             Began as a Gnoll Fighter on Feb 12, 2024.
             Was an Initiate of Gozag.
             Annihilated by an enormous slime creature (76 damage)
             ... on level 14 of the Dungeon.
             The game lasted 00:55:00 (14537 turns).

SmokeWeed the Blocker (Gnoll Fighter)              Turns: 14537, Time: 00:55:00

Health: -33/98     AC: 23    Str: 21    XL:     12   Next: 86%
Magic:  24/24      EV: 15    Int:  6    God:    Gozag
Gold:   1974       SH:  7    Dex: 17    Spells: 24/27 levels left

rFire   . . .        C - +2 scimitar (freeze)
rCold   . . .        c - +0 buckler
rNeg    . . .        h - +7 ring mail of Purpose {Str+5 Int-5 Dex+4}
rPois   .            m - +0 helmet
rElec   .            o - +0 cloak
rCorr   .            (no gloves)
SInv    .            U - +1 pair of boots {rampage}
Will    .....        j - amulet of regeneration
Stlth   +++          y - +4 ring of protection
HPRegen 1.16/turn    b - ring of wizardry
MPRegen 0.19/turn

%: rampage, wizardry (x1)
@: no status effects
A: fangs 1, strong nose, distributed training
a: Renounce Religion, Potion Petition, Call Merchant, Bribe Branch


You were on level 14 of the Dungeon.
You worshipped Gozag.
Gozag was most pleased with you.
You visited 2 branches of the dungeon, and saw 15 of its levels.

You collected 2225 gold pieces.
You spent 180 gold pieces at shops.
You paid 71 gold pieces to Gozag.

Inventory:

Hand Weapons
 f - a +1 flail of holy wrath
 i - the +0 shortbow "Raisin" {heavy, rC+ Will+ Str+3 Int+3}
   (You found it on level 7 of the Dungeon)

   Str+3:     It affects your strength (+3).
   Int+3:     It affects your intelligence (+3).
   rC+:       It protects you from cold.
   Will+:     It increases your willpower.
 p - a +0 scimitar of flaming
 s - a +3 short sword of electrocution
 v - a +1 hand axe of freezing
 B - the +6 rapier "Iheplonyi" {flame, rC+ rN+ Str+3 Dex-5}
   (You found it on level 9 of the Dungeon)

   Str+3:     It affects your strength (+3).
   Dex-5:     It affects your dexterity (-5).
   rC+:       It protects you from cold.
   rN+:       It protects you from negative energy.
 C - a +2 scimitar of freezing (weapon)
 J - the +11 spear "Peqekk" {flame, rElec rC+ Str-2 Dex+3}
   (You found it on level 11 of the Dungeon)

   Str-2:     It affects your strength (-2).
   Dex+3:     It affects your dexterity (+3).
   rC+:       It protects you from cold.
   rElec:     It insulates you from electricity.
 Q - a +0 halberd
Missiles
 t - 9 boomerangs
 u - 16 poisoned darts
 L - a throwing net
Armour
 c - a +0 buckler (worn)
 h - the +7 ring mail of Purpose (worn) {Str+5 Int-5 Dex+4}
   (You found it on level 9 of the Dungeon)

   Str+5:     It affects your strength (+5).
   Int-5:     It affects your intelligence (-5).
   Dex+4:     It affects your dexterity (+4).
 m - a +0 helmet (worn)
 o - a +0 cloak (worn)
 D - a +1 kite shield of positive energy
 P - a +2 scale mail of cold resistance
 U - a +1 pair of boots of rampaging (worn)
Magical Staves
 q - a staff of fire
 x - a staff of alchemy
Jewellery
 b - a ring of wizardry (right hand)
 j - an amulet of regeneration (around neck)
 w - a ring of protection from cold
 y - a +4 ring of protection (left hand)
 T - a ring of ice
Talismans
 r - a beast talisman
Wands
 F - a wand of digging (20)
 G - a wand of flame (15) (quivered)
 I - a wand of mindburst (19)
 S - a wand of acid (2)
Scrolls
 a - 4 scrolls of fog
 d - a scroll of silence
 l - 4 scrolls of identify
 n - 2 scrolls of torment
 z - 5 scrolls of teleportation
 K - 3 scrolls of immolation
Potions
 e - 2 potions of resistance
 A - 2 potions of lignification
 M - a potion of enlightenment
 O - 3 potions of magic
 R - 3 potions of curing


   Skills:
 + Level 10.4 Fighting
 + Level 8.0 Short Blades
 + Level 8.0 Long Blades
 + Level 8.0 Axes
 + Level 8.0 Maces & Flails
 + Level 9.3 Polearms
 + Level 8.0 Staves
 + Level 8.0 Ranged Weapons
 + Level 8.0 Throwing
 + Level 10.4 Armour
 + Level 8.0 Dodging
 + Level 8.0 Stealth
 + Level 10.4 Shields
 + Level 8.0 Unarmed Combat
 + Level 8.0 Spellcasting
 + Level 6.6 Conjurations
 + Level 6.6 Hexes
 + Level 6.6 Summonings
 + Level 6.6 Necromancy
 + Level 6.6 Translocations
 + Level 6.6 Fire Magic
 + Level 6.6 Ice Magic
 + Level 6.6 Air Magic
 + Level 6.6 Earth Magic
 + Level 6.6 Alchemy
 + Level 8.7 Invocations
 + Level 8.0 Evocations
 + Level 7.3 Shapeshifting


You had 24 spell levels left.
You knew the following spells:

 Your Spells              Type           Power      Damage    Failure   Level
a - Tukima's Dance        Hex            10%        N/A       3%          3

Your spell library contained the following spells:

 Spells                   Type           Power      Damage    Failure   Level
 Apportation              Tloc           20%        N/A       1%          1
 Blink                    Tloc           20%        N/A       1%          2
 Call Imp                 Summ           20%        N/A       1%          2
 Ensorcelled Hibernation  Hex/Ice        20%        N/A       1%          2
 Jinxbite                 Hex            20%        N/A       1%          2
 Lesser Beckoning         Tloc           20%        N/A       1%          2
 Momentum Strike          Conj/Tloc      20%        3d8       1%          2
 Sublimation of Blood     Necr           10%        N/A       1%          2
 Fugue of the Fallen      Necr           10%        N/A       3%          3
 Ozocubu's Armour         Ice            10%        N/A       3%          3
 Passwall                 Erth           10%        N/A       3%          3
 Swiftness                Air            10%        N/A       3%          3
 Dimensional Bullseye     Hex/Tloc       5%         N/A       11%         4
 Iskenderun's Mystic Bla  Conj/Tloc      10%        2d4       11%         4
 Manifold Assault         Tloc           10%        N/A       11%         4
 Olgreb's Toxic Radiance  Alch           10%        N/A       11%         4
 Passage of Golubria      Tloc           10%        N/A       11%         4
 Vhi's Electric Charge    Tloc/Air       20%        N/A       11%         4
 Alistair's Intoxication  Alch           6%         N/A       26%         5
 Arcjolt                  Conj/Air       5%         1d15      26%         5
 Borgnjor's Vile Clutch   Necr/Erth      5%         N/A       26%         5
 Silence                  Hex/Air        5%         N/A       26%         5
 Yara's Violent Unravell  Hex/Alch       5%         3d4       26%         5
 Dispersal                Tloc           5%         N/A       80%         6
 Eringya's Noxious Bog    Alch           5%         4d6       80%         6
 Plasma Beam              Fire/Air       5%         2x1d15    80%         6
 Ozocubu's Refrigeration  Ice            5%         4d8       100%        7
 Summon Hydra             Summ           5%         N/A       100%        7
 Discord                  Hex            5%         N/A       100%        8
 Disjunction              Tloc           5%         N/A       100%        8
 Lehudib's Crystal Spear  Conj/Erth      5%         10d3      100%        8
 Maxwell's Capacitive Co  Air            5%         ∞         100%        8


Dungeon Overview and Level Annotations

Branches:
Dungeon (14/15)            Temple (1/1) D:4            Lair (0/5) D:10
    Orc (0/2) D:11
 Vaults: D:13-14

Altars:
Ashenzari
Cheibriados
Dithmenos
Elyvilon
Fedhas
Gozag
Hepliaklqana
Kikubaaqudgha
Makhleb
Nemelex Xobeh
Okawaru
Qazlal
Ru
Sif Muna
Trog
Uskayaw
Vehumet
Wu Jian
Xom
Yredelemnul
Zin
The Shining One

Shops:
D:10 *   D:11 *   D:13 !


Innate Abilities, Weirdness & Mutations

You have very sharp teeth.
Your uncanny sense of smell can sniff out nearby items.
Your experience applies equally to all skills.


Message History

A slime creature comes into view. x2
The slime creature quivers.
You hit the large slime creature. You freeze the large slime creature.
The large slime creature is heavily wounded.
The large slime creature closely misses you.
Two slime creatures merge to form a very large slime creature.
Aiming: Mindburst
Press: ? - help, Q - select action, (/) - cycle Shift-Dir - straight line, f - very large slime creature
Aim: a very large slime creature (moderately wounded, not susceptible)
Okay, then.
You slash the very large slime creature!
You freeze the very large slime creature!
You bite the very large slime creature.
The very large slime creature is heavily wounded.
You slash the very large slime creature!
You freeze the very large slime creature.
The very large slime creature is heavily wounded.
Two slime creatures merge to form an enormous slime creature.
Aiming: Throw Flame
Press: ? - help, Q - select action, (/) - cycle Shift-Dir - straight line, f - enormous slime creature
Aim: an enormous slime creature (heavily wounded, 95% to hit)
The puff of flame hits the enormous slime creature!
The enormous slime creature is heavily wounded.
The puff of flame hits the enormous slime creature!
The enormous slime creature is heavily wounded.
The enormous slime creature attacks as it pursues you!
The enormous slime creature hits you but does no damage.
The enormous slime creature attacks as it pursues you!
The enormous slime creature closely misses you.
The enormous slime creature attacks as it pursues you!
You block the enormous slime creature's attack.
The enormous slime creature attacks as it pursues you!
The enormous slime creature hits you!!!
Ouch! That really hurt!
You hear a shout! x3
The enormous slime creature attacks as it pursues you!
The enormous slime creature hits you!!!!
Ouch! That really hurt!
You die...
Your body crumbles into a pile of gold.

..## #.#.#.###### #.#
...####..<.......# #.#
........#.#.####.# #.#
.######.#.#)# #.# #.# ##
#.#.#.# #.# #### # #.#.#)#
#.##############_#
#.#.#.####..............~~~
#.#.#.......###########~≈~≈
∆ ..######..@## ### #~≈.≈
#.# #..J# #.## #~≈≈≈ #...#
#..## #.~~~ #...#∆ #...##
##... #...+ #....# ##..
#+####...# ∆#...## ###
#....#...# #...# #####
#....'...# #.#.# #....
######...#####.#.####.###


You could see an enormous slime creature.

Vanquished Creatures
  A hydra (D:13)
  A centaur warrior (D:14)
  4 two-headed ogres
  A tengu warrior (D:14)
  An orc knight (D:14)
  A necromancer (D:14)
  4 ugly things
  3 cyclopes
  Maurice (D:11)
  A manticore (D:13)
  An elephant (D:10)
  3 gargoyles
  An efreet (D:13)
  A yaktaur (D:13)
  A kobold demonologist (D:12)
  6 trolls
  2 hornets
  A blink frog (shapeshifter) (D:14)
  Prince Ribbit (D:7)
  9 slime creatures
  A vampire (D:13)
  A wraith (D:14)
  A shadow (D:13)
  14 yaks
  2 basilisks
  2 acid dragons
  4 water moccasins
  5 orc warriors
  2 ice beasts (D:5)
  A sky beast (D:8)
  A meliai simulacrum (D:14)
  2 laughing skulls (D:13)
  A black bear (D:10)
  An ogre (D:5)
  4 centaurs
  3 phantoms
  4 kobold brigands
  Blork the orc (D:4)
  A gnoll sergeant (D:9)
  3 bullfrogs
  2 scorpions (D:4)
  10 killer bees
  2 electric eels (D:10)
  A bombardier beetle (D:5)
  5 howler monkeys
  A jelly (D:6)
  7 orc priests
  A gnoll bouda (D:7)
  A sleepcap (D:4)
  3 iguanas
  4 orc wizards
  11 gnolls
  5 adders
  2 shadow imps
  2 ufetubi (D:6)
  4 dart slugs
  A ribbon worm (D:3)
  34 orcs
  3 endoplasms
  4 giant cockroaches
  2 hobgoblins
  10 jackals (D:1)
  27 kobolds
  A quokka (D:4)
  7 ball pythons
  2 bats
  5 frilled lizards
  5 goblins
  9 rats
269 creatures vanquished.

Vanquished Creatures (others)
  2 kobold demonologists (D:12)
  2 dancing weapons (D:10)
  An orc wizard (D:3)
5 creatures vanquished.

Grand Total: 274 creatures vanquished

Notes
Turn   | Place    | Note
-------+----------+-------------------------------------------
     0 | D:1      | SmokeWeed the Gnoll Fighter began the quest for the Orb.
     0 | D:1      | Reached XP level 1. HP: 23/23 MP: 1/1
   222 | D:1      | Reached XP level 2. HP: 28/29 MP: 2/2
   806 | D:1      | Reached XP level 3. HP: 35/35 MP: 3/3
  1032 | D:2      | Reached skill level 1 in Invocations
  1104 | D:2      | Found a burning altar of Makhleb.
  1546 | D:2      | Reached skill level 1 in Short Blades
  1546 | D:2      | Reached skill level 1 in Long Blades
  1546 | D:2      | Reached skill level 1 in Axes
  1546 | D:2      | Reached skill level 1 in Maces & Flails
  1546 | D:2      | Reached skill level 1 in Staves
  1546 | D:2      | Reached skill level 1 in Ranged Weapons
  1546 | D:2      | Reached skill level 1 in Throwing
  1546 | D:2      | Reached skill level 1 in Dodging
  1546 | D:2      | Reached skill level 1 in Stealth
  1546 | D:2      | Reached skill level 1 in Unarmed Combat
  1546 | D:2      | Reached skill level 1 in Spellcasting
  1546 | D:2      | Reached skill level 1 in Evocations
  1741 | D:3      | Found a faded altar of an unknown god.
  1828 | D:3      | Reached skill level 1 in Shapeshifting
  1828 | D:3      | Reached XP level 4. HP: 28/41 MP: 5/5
  1834 | D:3      | Reached skill level 1 in Conjurations
  1834 | D:3      | Reached skill level 1 in Hexes
  1834 | D:3      | Reached skill level 1 in Summonings
  1834 | D:3      | Reached skill level 1 in Necromancy
  1834 | D:3      | Reached skill level 1 in Translocations
  1834 | D:3      | Reached skill level 1 in Fire Magic
  1834 | D:3      | Reached skill level 1 in Ice Magic
  1834 | D:3      | Reached skill level 1 in Air Magic
  1834 | D:3      | Reached skill level 1 in Earth Magic
  1834 | D:3      | Reached skill level 1 in Alchemy
  2010 | D:3      | Reached XP level 5. HP: 46/47 MP: 5/7
  2100 | D:3      | HP: 1/47 [orc priest/divine providence (12)]
  2862 | D:4      | Reached skill level 5 in Polearms
  2862 | D:4      | Reached XP level 6. HP: 40/53 MP: 8/8
  3143 | D:4      | Found a staircase to the Ecumenical Temple.
  3154 | Temple   | Entered the Ecumenical Temple
  3189 | Temple   | Became a worshipper of Gozag Ym Sagoz the Greedy
  3354 | D:4      | Noticed Blork the orc
  3371 | D:4      | Killed Blork the orc
  3372 | D:4      | Reached XP level 7. HP: 60/60 MP: 10/10
  3895 | D:5      | Entered Level 5 of the Dungeon
  4256 | D:5      | Reached XP level 8. HP: 51/67 MP: 12/12
  4968 | D:5      | Found an ornate altar of the Wu Jian Council.
  5084 | D:5      | Found a bloodstained altar of Trog.
  5084 | D:5      | Found a sparkling altar of Nemelex Xobeh.
  5781 | D:7      | Noticed Prince Ribbit
  5791 | D:7      | Killed Prince Ribbit
  5802 | D:7      | Identified the +0 shortbow "Raisin" {heavy, rC+ Will+ Str+3
                  | Int+3}
  5983 | D:7      | Reached XP level 9. HP: 68/73 MP: 14/14
  6360 | D:7      | Found a glowing silver altar of Zin.
  6996 | D:8      | Noticed a hornet
  7026 | D:8      | Killed a hornet
  7081 | D:8      | Found a shadowy altar of Dithmenos.
  7223 | D:8      | Reached skill level 5 in Invocations
  7931 | D:9      | Identified the +7 ring mail of Purpose {Str+5 Int-5 Dex+4}
  8095 | D:9      | Reached skill level 5 in Short Blades
  8095 | D:9      | Reached skill level 5 in Long Blades
  8095 | D:9      | Reached skill level 5 in Axes
  8095 | D:9      | Reached skill level 5 in Maces & Flails
  8095 | D:9      | Reached skill level 5 in Staves
  8095 | D:9      | Reached skill level 5 in Ranged Weapons
  8095 | D:9      | Reached skill level 5 in Throwing
  8095 | D:9      | Reached skill level 5 in Dodging
  8095 | D:9      | Reached skill level 5 in Stealth
  8095 | D:9      | Reached skill level 5 in Unarmed Combat
  8095 | D:9      | Reached skill level 5 in Spellcasting
  8095 | D:9      | Reached skill level 5 in Evocations
  8095 | D:9      | Reached XP level 10. HP: 49/81 MP: 17/17
  8180 | D:9      | Noticed a two-headed ogre
  8227 | D:9      | Killed a two-headed ogre
  8453 | D:9      | Learned a level 3 spell: Tukima's Dance
  8542 | D:9      | Reached skill level 5 in Shapeshifting
  8552 | D:9      | Found a radiant altar of Vehumet.
  8591 | D:9      | Identified the +6 rapier "Iheplonyi" {flame, rC+ rN+ Str+3
                  | Dex-5}
  9220 | D:10     | Entered Level 10 of the Dungeon
  9294 | D:10     | Found Yguhyzat's General Store.
  9893 | D:10     | Noticed an elephant
  9938 | D:10     | Reached skill level 5 in Conjurations
  9938 | D:10     | Reached skill level 5 in Hexes
  9938 | D:10     | Reached skill level 5 in Summonings
  9938 | D:10     | Reached skill level 5 in Necromancy
  9938 | D:10     | Reached skill level 5 in Translocations
  9938 | D:10     | Reached skill level 5 in Fire Magic
  9938 | D:10     | Reached skill level 5 in Ice Magic
  9938 | D:10     | Reached skill level 5 in Air Magic
  9938 | D:10     | Reached skill level 5 in Earth Magic
  9938 | D:10     | Reached skill level 5 in Alchemy
  9943 | D:10     | Reached XP level 11. HP: 89/89 MP: 20/20
  9971 | D:10     | Found a staircase to the Lair.
 10997 | D:11     | Noticed a cyan ugly thing
 11010 | D:11     | Found a staircase to the Orcish Mines.
 11010 | D:11     | Found a gate leading to a gauntlet.
 11010 | D:11     | Noticed a purple ugly thing
 11014 | D:11     | Noticed Maurice
 11033 | D:11     | Killed a purple ugly thing
 11035 | D:11     | Maurice stole 383 gold
 11055 | D:11     | Killed Maurice
 11123 | D:11     | Identified the +11 spear "Peqekk" {flame, rElec rC+ Str-2
                  | Dex+3}
 11141 | D:11     | Found Tayqe's Serpentskin Sales.
 11165 | D:11     | Bought 6 curare-tipped darts for 108 gold pieces
 11165 | D:11     | Bought 4 curare-tipped darts for 72 gold pieces
 11168 | D:11     | Noticed a cyclops
 11173 | D:11     | Killed a cyclops
 11188 | D:11     | Noticed a cyclops
 11195 | D:11     | Killed a cyclops
 11635 | D:11     | Killed a cyan ugly thing
 12360 | D:12     | Noticed a sixfirhy
 12552 | D:13     | Reached XP level 12. HP: 96/97 MP: 22/22
 12598 | D:12     | Noticed a two-headed ogre
 12628 | D:12     | Killed a two-headed ogre
 12639 | D:13     | Noticed a two-headed ogre
 12646 | D:13     | Killed a two-headed ogre
 12762 | D:13     | Reached skill level 10 in Fighting
 12762 | D:13     | Reached skill level 10 in Armour
 12762 | D:13     | Reached skill level 10 in Shields
 12966 | D:13     | Noticed a seven-headed hydra
 12984 | D:13     | Killed a three-headed hydra
 13555 | D:13     | Found Olupt's Distillery.
 13875 | D:14     | Noticed a tengu warrior
 13912 | D:14     | Killed a tengu warrior
 13992 | D:14     | Noticed a two-headed ogre
 14006 | D:14     | Killed a two-headed ogre
 14251 | D:14     | Noticed a centaur warrior
 14263 | D:14     | Killed a centaur warrior
 14382 | D:14     | Found a snail-covered altar of Cheibriados.
 14486 | D:14     | Found a stormy altar of Qazlal.
 14537 | D:14     | Annihilated by an enormous slime creature

Illustrated notes

Levels and vault maps discovered:
D:1:      dpeg_arrival_short_road, layout_basic, minmay_tetromino_t2
D:2:      layout_loops_cross, basic_altar
D:3:      kennysheep_big_flooded_room, layout_loops_cross,
          hellmonk_ecumenical_altar_pennies_from_heaven
D:4:      layout_basic, minmay_temple_entry_waves, uniq_blork_the_orc
D:5:      layout_basic, gammafunk_temple_overflow_elements,
          nzn_wu_jian_council_hall
D:6:      layout_rooms
D:7:      layout_basic, zin_scriptorium, dreamdust_wishing_well,
          uniq_prince_ribbit1
D:8:      layout_basic, mainiacjoe_overflow_small_starburst
D:9:      layout_irregular_city, mainiacjoe_overflow_surrounded_room
D:10:     layout_basic, david_lair_generic, serial_shops, shop
D:11:     layout_grid_maze, david_orc_3, gauntlet_entry_generic,
          guppyfry_shop_venom, uniq_maurice
D:12:     layout_rooms, kennysheep_diamond, chequers_serial_rivers_large_a,
          grunt_decor_junction
D:13:     layout_layer_cave, serial_shops, shop
D:14:     layout_loops_ring, david_vaults_1, nicolae_qazlal_style_of_elements,
          minmay_misc_feat_x, kennysheep_slug_shrine
Temple:   kb_temple_of_zot

Skill      XL: |  1  2  3  4  5  6  7  8  9 10 11 12 |
---------------+-------------------------------------+-----
Invocations    | 1 2 3 4 5 6 7 8 |  8.7
Short Blades   | 1 2 3 5 6 7 8 |  8.0
Long Blades    | 1 2 3 5 6 7 8 |  8.0
Axes           | 1 2 3 5 6 7 8 |  8.0
Maces & Flails | 1 2 3 5 6 7 8 |  8.0
Staves         | 1 2 3 5 6 7 8 |  8.0
Ranged Weapons | 1 2 3 5 6 7 8 |  8.0
Throwing       | 1 2 3 5 6 7 8 |  8.0
Dodging        | 1 2 3 5 6 7 8 |  8.0
Stealth        | 1 2 3 5 6 7 8 |  8.0
Unarmed Combat | 1 2 3 5 6 7 8 |  8.0
Spellcasting   | 1 2 3 5 6 7 8 |  8.0
Evocations     | 1 2 3 5 6 7 8 |  8.0
Shapeshifting  | 1 2 3 4 5 6 7 |  7.3
Conjurations   | 1 2 3 4 5 6 |  6.6
Hexes          | 1 2 3 4 5 6 |  6.6
Summonings     | 1 2 3 4 5 6 |  6.6
Necromancy     | 1 2 3 4 5 6 |  6.6
Translocations | 1 2 3 4 5 6 |  6.6
Fire Magic     | 1 2 3 4 5 6 |  6.6
Ice Magic      | 1 2 3 4 5 6 |  6.6
Air Magic      | 1 2 3 4 5 6 |  6.6
Earth Magic    | 1 2 3 4 5 6 |  6.6
Alchemy        | 1 2 3 4 5 6 |  6.6
Polearms       | 5 6 7 8 9 |  9.3
Fighting       | 7 8 9 10 | 10.4
Armour         | 7 8 9 10 | 10.4
Shields        | 7 8 9 10 | 10.4

Action                     |  1- 3 |  4- 6 |  7- 9 | 10-12 || total
---------------------------+-------+-------+-------+-------++-------
  Melee: Flail             |    93 |    92 |       |       ||   185
         Short sword       |    39 |     6 |   137 |       ||   182
         Bite              |     8 |    13 |    29 |    78 ||   128
         Scimitar          |       |       |   120 |   340 ||   460
         Spear             |       |       |       |   204 ||   204
         Hand axe          |       |       |       |    14 ||    14
   Fire: Shortbow          |       |       |    24 |       ||    24
  Throw: Dart              |       |    10 |    15 |   103 ||   128
         Boomerang         |       |    16 |    17 |       ||    33
         Throwing net      |       |       |     1 |     3 ||     4
   Cast: Tukima's Dance    |       |       |       |    11 ||    11
  Evoke: Wand              |       |       |       |    16 ||    16
    Use: Scroll            |     5 |     4 |     3 |    10 ||    22
         Potion            |       |       |     3 |     6 ||     9
   Stab: Distracted        |       |       |     1 |     1 ||     2
         Sleeping          |       |       |       |     6 ||     6
         Invisible         |       |       |       |     5 ||     5
         Held in net/web   |       |       |       |     1 ||     1
 Armour: Scale mail        |   100 |    79 |   219 |       ||   398
         Ring mail         |       |       |    31 |   406 ||   437
  Dodge: Dodged            |    66 |    34 |   164 |   341 ||   605
  Block: Buckler           |    27 |    26 |    80 |   178 ||   311

Table legend: (Time is in decaauts)
 A = Elapsed time spent in this place.
 B = Non-inter-level travel time spent in this place.
 C = Inter-level travel time spent in this place.
 D = Time resting spent in this place.
 E = Time spent auto-exploring this place.
 F = Levels seen in this place.
 G = Mean time per level.
                   A        B        C        D        E       F      G
               +--------+--------+--------+--------+--------+-----+--------+
         Total |  14567 |  14175 |    392 |    319 |   9201 |  15 |  971.1 |
       Dungeon |  14496 |  14104 |    392 |    319 |   9201 |  14 | 1035.4 |
        Temple |     70 |     70 |      0 |      0 |      0 |   1 |   70.0 |
               +--------+--------+--------+--------+--------+-----+--------+

Top non-repeatable levels by time:
    D:10: 1673 daAuts
     D:5: 1482 daAuts
    D:11: 1387 daAuts
     D:9: 1316 daAuts
    D:13: 1165 daAuts
     D:3: 1142 daAuts
     D:8: 1091 daAuts
     D:7: 1087 daAuts
     D:4: 1046 daAuts
     D:1: 1026 daAuts
    D:14: 737 daAuts
     D:2: 668 daAuts
     D:6: 388 daAuts
    D:12: 284 daAuts
  Temple: 70 daAuts
